[Event "The Kvibergspelen 2024"]
[Site "Kviberg Park Hotel & Conference, Krutvagen 2, Gothenburg, Sweden"]
[Date "2024.09.06"]
[Round "4.21"]
[White "Thyberg, Andre"]
[Black "Thern, Alfred"]
[Result "1-0"]
[TimeControl "15 minutes + 5 seconds per move from move one (Round 1 - 4) / 90 minutes + 30 seconds per move from move one (Round 5 - 8)"]
[WhiteFideId "1764764"]
[BlackFideId "1775227"]
[WhiteElo "1994"]
[BlackElo "1749"]

1. e4 e5 2. Nf3 Nc6 3. Nc3 Nf6 4. Bb5 Nd4 5. Nxe5 Qe7 6. f4 Nxb5 7. Nxb5 d5 8. d3 Qb4+ 9. Nc3 d4 10.
a3 Qa5 11. Nc4 Qa6 12. Ne2 Bc5 13. h3 Be6 14. Ne5 O-O-O 15. f5 Bd6 16. Nf3 Bd7 17. e5 Bb4+ 18. axb4 Qxa1 19. exf6 Bxf5 20.
Nfxd4 Bg6 21. fxg7 Rhe8 22. Nb3 Qa4 23. O-O Qxb4 24. Nf4 Qb6+ 25. Kh1 Rg8 26. Nxg6 Qxg6 27. Qf3 Rxg7 28. Nc5 c6 29.
Bf4 Rdg8 30. Rf2 Qf5 31. Ne4 Qd5 32. c4 Qe6 33. Nd6+ Kd7 34. Nxb7 Qg6 35. Nc5+ Kc8 36. Re2 Qf6 37.
Ne4 Qd4 38. Nd6+ Kd7 39. Be5 Qc5 40. Qf5+ 1-0

[Event "The Kvibergspelen 2024"]
[Site "Kviberg Park Hotel & Conference, Krutvagen 2, Gothenburg, Sweden"]
[Date "2024.09.07"]
[Round "5.1"]
[White "Arman, Deniz"]
[Black "Kucuksari, Kaan"]
[Result "0-1"]
[TimeControl "15 minutes + 5 seconds per move from move one (Round 1 - 4) / 90 minutes + 30 seconds per move from move one (Round 5 - 8)"]
[WhiteTitle "FM"]
[BlackTitle "IM"]
[WhiteFideId "6302106"]
[BlackFideId "6380166"]
[WhiteElo "2348"]
[BlackElo "2455"]

1. e4 c5 2. Nf3 d6 3. d4 cxd4 4. Qxd4 Nf6 5. Bg5 Nc6 6. Bb5 Bd7 7. Bxc6 Bxc6 8. Nc3 e6 9. O-O-O Be7 10.
Rhe1 O-O 11. Kb1 Qa5 12. Qd2 Qb6 13. Nd4 Rfc8 14. f3 a5 15. Be3 Qa6 16. g4 a4 17. a3 Nd7 18. Qe2 Ne5 19.
Qxa6 Rxa6 20. Na2 Raa8 21. Nb4 g6 22. Bc1 Bd7 23. h3 g5 24. f4 gxf4 25. Bxf4 Nc4 26. Nf3 Ra5 27. e5 d5 28.
Nd3 Bxa3 29. bxa3 Nxa3+ 30. Ka2 Nxc2 31. Re2 Bb5 32. Nfe1 Nd4 33. Rf2 a3 34. Nc1 Ra4 35. Be3 Nc6 36.
Ned3 Re4 37. Bc5 Ra8 38. Rf4 Bc4+ 39. Ka1 Rxf4 40. Nxf4 Nxe5 41. Re1 Nd7 42. Be7 d4 43. Ncd3 f6 44.
Nf2 Kf7 45. Bb4 Ra4 46. N4d3 e5 47. g5 f5 48. Bd6 e4 49. Nf4 Ra6 50. Bb4 Ne5 51. h4 e3 52. N2h3 Ra4 53. Rb1 a2 54.
Rb2 d3 55. Bc3 b5 56. Ng2 Ng4 57. Nhf4 Ra3 58. Bb4 d2 59. Bxd2 exd2 60. Rxd2 Rf3 61. Rd7+ Ke8 62. Rd1 b4 63.
Rc1 b3 64. Re1+ Kf8 65. Kb2 Rf2+ 0-1

[Event "The Kvibergspelen 2024"]
[Site "Kviberg Park Hotel & Conference, Krutvagen 2, Gothenburg, Sweden"]
[Date "2024.09.07"]
[Round "5.2"]
[White "Sorensen, Hampus"]
[Black "Grahn, Vidar"]
[Result "1-0"]
[TimeControl "15 minutes + 5 seconds per move from move one (Round 1 - 4) / 90 minutes + 30 seconds per move from move one (Round 5 - 8)"]
[WhiteTitle "IM"]
[BlackTitle "FM"]
[WhiteFideId "8703884"]
[BlackFideId "1744780"]
[WhiteElo "2420"]
[BlackElo "2219"]

1. d4 Nf6 2. c4 e6 3. Nc3 d5 4. cxd5 exd5 5. Bg5 Bb4 6. e3 h6 7. Bh4 g5 8. Bg3 Ne4 9. Qc2 h5 10.
f3 Nxg3 11. hxg3 Qe7 12. Kf2 Be6 13. a3 Bd6 14. Nb5 c6 15. Nxd6+ Qxd6 16. Bd3 Nd7 17. Ne2 O-O-O 18. a4 h4 19.
g4 Kb8 20. b4 Nb6 21. Qc5 Nc4 22. Bxc4 Qxc5 23. bxc5 dxc4 24. a5 f5 25. gxf5 Bxf5 26. e4 Be6 27. Ke3 Kc7 28. Nc3 a6 29.
Rad1 Rh7 30. Rd2 Rdh8 31. Kf2 h3 32. Ne2 g4 33. f4 c3 34. Nxc3 g3+ 35. Kf3 Rg7 36. f5 hxg2 37. Rg1 Bf7 38.
Rdxg2 Bh5+ 39. Kf4 Rg4+ 40. Ke3 Rhg8 41. Ne2 Re8 42. Nf4 1-0

[Event "The Kvibergspelen 2024"]
[Site "Kviberg Park Hotel & Conference, Krutvagen 2, Gothenburg, Sweden"]
[Date "2024.09.07"]
[Round "5.3"]
[White "Lindberg, Bengt"]
[Black "Sjoholm, Emil"]
[Result "1-0"]
[TimeControl "15 minutes + 5 seconds per move from move one (Round 1 - 4) / 90 minutes + 30 seconds per move from move one (Round 5 - 8)"]
[WhiteTitle "IM"]
[WhiteFideId "1700359"]
[BlackFideId "1720449"]
[WhiteElo "2337"]
[BlackElo "2092"]

1. e4 e5 2. Nf3 Nc6 3. Bb5 Nf6 4. d3 Bc5 5. Bg5 h6 6. Bh4 Nd4 7. Nxd4 Bxd4 8. c3 Bb6 9. O-O c6 10.
Bc4 g5 11. Bg3 d6 12. Nd2 Qe7 13. a4 Bc7 14. d4 Bd7 15. d5 Kf8 16. Re1 Kg7 17. Nf1 h5 18. dxc6 bxc6 19. f3 h4 20.
Bf2 Nh5 21. Ne3 Nf4 22. Bf1 Rab8 23. b4 a5 24. b5 cxb5 25. axb5 Bb6 26. c4 Bxe3 27. Rxe3 Ra8 28. Rea3 Be6 29.
Rxa5 Rxa5 30. Rxa5 g4 31. fxg4 h3 32. g3 Qg5 33. gxf4 exf4 34. Be2 Rh6 35. Qa1+ Kh7 36. b6 d5 37.
Rxd5 Bxd5 38. cxd5 f3 39. Bxf3 Rf6 40. Be2 Qf4 41. Qf1 Rg6 42. Qxh3+ Kg7 43. Qf3 Qc1+ 44. Kg2 Qb2 45. Qe3 Kh7 46.
h3 Rg8 47. Bd3 1-0

[Event "The Kvibergspelen 2024"]
[Site "Kviberg Park Hotel & Conference, Krutvagen 2, Gothenburg, Sweden"]
[Date "2024.09.07"]
[Round "5.4"]
[White "Ernst, Thomas"]
[Black "Wahlstrom, Lennart"]
[Result "1-0"]
[TimeControl "15 minutes + 5 seconds per move from move one (Round 1 - 4) / 90 minutes + 30 seconds per move from move one (Round 5 - 8)"]
[WhiteTitle "GM"]
[WhiteFideId "1700065"]
[BlackFideId "1706829"]
[WhiteElo "2261"]
[BlackElo "2058"]

1. d4 d5 2. c4 c5 3. cxd5 Qxd5 4. Nf3 cxd4 5. Nc3 Qd8 6. Qxd4 Qd6 7. Qd5 Qxd5 8. Nd4 a6 9. Nxd5 Kd8 10. Bf4 Nd7 11. Bc7+ Ke8 12. Ba5 b6 13. Nc7+ Kd8 14. Nxa8 1-0

[Event "The Kvibergspelen 2024"]
[Site "Kviberg Park Hotel & Conference, Krutvagen 2, Gothenburg, Sweden"]
[Date "2024.09.07"]
[Round "5.5"]
[White "Muntean, Victor"]
[Black "Nilsson, Oliver"]
[Result "1-0"]
[TimeControl "15 minutes + 5 seconds per move from move one (Round 1 - 4) / 90 minutes + 30 seconds per move from move one (Round 5 - 8)"]
[WhiteFideId "1054414"]
[BlackFideId "1730177"]
[WhiteElo "2158"]
[BlackElo "2050"]

1. e4 c5 2. c3 d5 3. exd5 Qxd5 4. Nf3 Nf6 5. Na3 Nc6 6. d4 e6 7. Nb5 Qd8 8. dxc5 Bxc5 9. Qxd8+ Kxd8 10.
Bf4 Ne4 11. Ng5 Bxf2+ 12. Ke2 Nxg5 13. Bxg5+ f6 14. Kxf2 fxg5 15. Bc4 Rf8+ 16. Kg3 Rf4 17. Bb3 h5 18. h3 h4+ 19. Kh2 Bd7 20.
Rad1 Ke7 21. Rhe1 Rd8 22. Nc7 Rf6 23. Nd5+ Kf7 24. Nxf6 gxf6 25. Rxd7+ Rxd7 26. Bxe6+ Ke7 27. Bxd7+ Kxd7 28.
Rd1+ Ke7 29. c4 Ne5 30. c5 f5 31. b4 a6 32. a4 g4 33. Rd5 Ke6 34. Rd6+ Ke7 35. Rb6 g3+ 36. Kg1 f4 37.
Rxb7+ Ke6 38. Rb6+ Kd5 39. Rd6+ Ke4 40. c6 f3 41. Re6 a5 42. Rxe5+ Kxe5 43. c7 axb4 44. c8=Q f2+ 45. Kf1 Kd4 46.
a5 b3 47. a6 b2 48. Qh8+ 1-0

[Event "The Kvibergspelen 2024"]
[Site "Kviberg Park Hotel & Conference, Krutvagen 2, Gothenburg, Sweden"]
[Date "2024.09.07"]
[Round "5.6"]
[White "Nord, Alexander"]
[Black "Wickstrom, Carina"]
[Result "1-0"]
[TimeControl "15 minutes + 5 seconds per move from move one (Round 1 - 4) / 90 minutes + 30 seconds per move from move one (Round 5 - 8)"]
[WhiteTitle "CM"]
[WhiteFideId "1738135"]
[BlackFideId "1743201"]
[WhiteElo "2209"]
[BlackElo "2015"]

1. d4 d5 2. c4 c6 3. Nc3 Nf6 4. Nf3 e6 5. e3 Bd6 6. Be2 O-O 7. O-O Nbd7 8. b3 Ne4 9. Bb2 f5 10.
a3 g5 11. g3 g4 12. Nxe4 dxe4 13. Ne5 Nf6 14. b4 Bd7 15. Qb3 Qe8 16. Rfd1 Rd8 17. a4 Bb8 18. b5 Qh5 19. Ba3 Rfe8 20.
Rab1 h6 21. h4 Kg7 22. Qc3 Kg8 23. Rb3 Nh7 24. Bb2 Bxe5 25. dxe5 Nf8 26. Ba3 Qf7 27. Rb2 Bc8 28. Rbd2 Rd7 29.
Rxd7 Nxd7 30. Qd4 Qg7 31. Bd6 cxb5 32. axb5 b6 33. Ra1 Nf8 34. Bb8 Re7 35. Qd8 Bb7 36. Rxa7 Rd7 37. Qxb6 Ng6 38.
c5 f4 39. Qxe6+ Kh7 40. c6 Bxc6 41. bxc6 Rxa7 42. Bxa7 Nxe5 43. Bd4 fxg3 1-0

[Event "The Kvibergspelen 2024"]
[Site "Kviberg Park Hotel & Conference, Krutvagen 2, Gothenburg, Sweden"]
[Date "2024.09.07"]
[Round "5.7"]
[White "Karlsson, Stefan"]
[Black "Andersson, Johan"]
[Result "1-0"]
[TimeControl "15 minutes + 5 seconds per move from move one (Round 1 - 4) / 90 minutes + 30 seconds per move from move one (Round 5 - 8)"]
[WhiteFideId "1771183"]
[BlackFideId "1703935"]
[WhiteElo "2035"]
[BlackElo "2158"]

1. e4 d6 2. d4 Nf6 3. Nc3 c6 4. Be3 Qb6 5. a3 Ng4 6. Bc1 e5 7. Nf3 Nd7 8. h3 Ngf6 9. Be3 Qc7 10.
g4 h6 11. Qd2 b6 12. O-O-O Bb7 13. Rg1 g6 14. Kb1 Bg7 15. dxe5 dxe5 16. g5 hxg5 17. Nxg5 Rf8 18. Bc4 Ke7 19.
f4 Rad8 20. Qf2 Nh5 21. f5 Nb8 22. Rxd8 Qxd8 23. Nxf7 Qc7 24. fxg6 Nd7 25. Bg5+ Ndf6 26. Qh4 1-0

[Event "The Kvibergspelen 2024"]
[Site "Kviberg Park Hotel & Conference, Krutvagen 2, Gothenburg, Sweden"]
[Date "2024.09.07"]
[Round "5.8"]
[White "Kingsley, Elias"]
[Black "Mashhadi, Peyman"]
[Result "1-0"]
[TimeControl "15 minutes + 5 seconds per move from move one (Round 1 - 4) / 90 minutes + 30 seconds per move from move one (Round 5 - 8)"]
[WhiteFideId "1775006"]
[BlackFideId "1768581"]
[WhiteElo "2047"]
[BlackElo "2148"]

1. c4 g6 2. d4 Bg7 3. e4 d6 4. Nc3 Nf6 5. Nf3 O-O 6. Be2 e5 7. O-O Nc6 8. d5 Ne7 9. h3 Nh5 10.
Re1 h6 11. Bf1 Qe8 12. Nb5 Qd8 13. g4 a6 14. gxh5 axb5 15. cxb5 f5 16. hxg6 Nxg6 17. Bg2 Nh4 18. Nxh4 Qxh4 19.
Qf3 f4 20. Bd2 h5 21. a4 Rf6 22. Ra3 Bd7 23. Qd1 Raf8 24. Rf3 Bg4 25. hxg4 hxg4 26. Kf1 Qh2 27. Qc2 Rh6 28. Qxc7 gxf3 29. Bxf3 Rh3 30. Qc3 Bf6 31.
Ke2 Bh4 32. Rf1 Rg3 33. Qc7 Rg1 34. Rxg1+ Qxg1 35. Be1 Qg7 36. Qxd6 Be7 37. Qe6+ Kh7 38. Bc3 Bf6 39. Bg4 Qg5 40.
a5 Rg8 41. Qf5+ Kh6 42. Qxg5+ Kxg5 43. Be6 Rd8 44. Bb4 Ra8 45. b6 Bd8 46. Kd3 Kf6 47. Bf5 Be7 48. Bc3 Rg8 49. b4 Rg2 50.
Ke2 Rg1 51. Bc8 Rc1 52. Kd2 Rb1 53. Bxb7 Bxb4 54. Bxb4 Rxb4 55. a6 Rb2+ 56. Kc3 Rxf2 57. a7 Rf3+ 58. Kd2 Rf2+ 59. Ke1 1-0

[Event "The Kvibergspelen 2024"]
[Site "Kviberg Park Hotel & Conference, Krutvagen 2, Gothenburg, Sweden"]
[Date "2024.09.07"]
[Round "5.9"]
[White "Ostensson, Julia"]
[Black "Rajcevski, Dejan"]
[Result "1-0"]
[TimeControl "15 minutes + 5 seconds per move from move one (Round 1 - 4) / 90 minutes + 30 seconds per move from move one (Round 5 - 8)"]
[WhiteFideId "1747703"]
[BlackFideId "1759027"]
[WhiteElo "2016"]
[BlackElo "2131"]

1. e4 c5 2. Nf3 Nc6 3. Bb5 a6 4. Bxc6 dxc6 5. d3 Bg4 6. h3 Bh5 7. g4 Bg6 8. Bf4 e6 9. Nbd2 f6 10.
e5 Ne7 11. Bg3 h5 12. Rg1 hxg4 13. hxg4 Nd5 14. a3 Be7 15. Qe2 Qd7 16. O-O-O O-O-O 17. Rge1 f5 18. gxf5 Bxf5 19. Nc4 Rdf8 20.
Nfd2 g5 21. Ne4 Kb8 22. Ncd6 Bxd6 23. Nxd6 Bh3 24. Rh1 g4 25. Rhg1 Rf3 26. Qe4 Ka7 27. d4 cxd4 28. Qxd4+ Kb8 29.
c4 Ne7 30. Nb5 Qxd4 31. Nxd4 Rf7 32. Nxe6 Nf5 33. Ng5 Re7 34. Bf4 Kc8 35. e6 Rhe8 36. Rge1 Bg2 37. Re5 Ng7 38. Nf7 Rf8 39.
Nd6+ Kb8 40. Nf5 1-0

[Event "The Kvibergspelen 2024"]
[Site "Kviberg Park Hotel & Conference, Krutvagen 2, Gothenburg, Sweden"]
[Date "2024.09.07"]
[Round "5.10"]
[White "Johansson, William"]
[Black "Ask, Josef"]
[Result "1-0"]
[TimeControl "15 minutes + 5 seconds per move from move one (Round 1 - 4) / 90 minutes + 30 seconds per move from move one (Round 5 - 8)"]
[BlackTitle "FM"]
[WhiteFideId "1744070"]
[BlackFideId "1704583"]
[WhiteElo "1899"]
[BlackElo "2106"]

1. b3 c5 2. c4 Nc6 3. Bb2 e5 4. Nc3 f5 5. g3 d6 6. Bg2 g6 7. e3 Bg7 8. Nge2 Nge7 9. O-O f4 10.
exf4 O-O 11. Nd5 Nf5 12. fxe5 Nxe5 13. Rb1 Nd4 14. Bxd4 cxd4 15. Nxd4 Bg4 16. f3 Nd3 17. Nc2 Bf5 18.
g4 Be6 19. Qe2 Bxd5 20. Qxd3 Bc6 21. Qe3 Qh4 22. Qe6+ Rf7 23. Qxd6 Qg5 24. d4 Rd8 25. Qg3 Bxd4+ 26. Nxd4 Rxd4 27.
h4 Qe3+ 28. Qf2 Qf4 29. Rbd1 Rfd7 30. Rxd4 Rxd4 31. Re1 Rd2 32. Qe3 Qxe3+ 33. Rxe3 a5 34. a4 Rb2 35. Kh2 Kf7 36. Kg3 h6 37.
g5 hxg5 38. hxg5 Rb1 39. Bh3 Rb2 40. Kf4 Ra2 41. Be6+ Kg7 42. Bd5 Rb2 43. Bxc6 bxc6 44. Ke5 Rd2 45. Ke6 Rd8 46. Re5 Rb8 47.
Rxa5 Rxb3 48. Ra7+ Kf8 49. f4 Rb4 50. Kf6 Ke8 51. Kxg6 Rxc4 52. f5 Rf4 53. f6 c5 54. f7+ Kd8 55.
Ra8+ 1-0

[Event "The Kvibergspelen 2024"]
[Site "Kviberg Park Hotel & Conference, Krutvagen 2, Gothenburg, Sweden"]
[Date "2024.09.07"]
[Round "5.11"]
[White "Eriksson, Kristian"]
[Black "Thyberg, Andre"]
[Result "1-0"]
[TimeControl "15 minutes + 5 seconds per move from move one (Round 1 - 4) / 90 minutes + 30 seconds per move from move one (Round 5 - 8)"]
[WhiteFideId "1705172"]
[BlackFideId "1764764"]
[WhiteElo "2051"]
[BlackElo "1994"]

1. e4 e5 2. Nf3 Nc6 3. Bb5 Bc5 4. O-O Nd4 5. Ba4 Qf6 6. Nxd4 Bxd4 7. c3 Bb6 8. Na3 c6 9. Nc4 Bc7 10.
Bb3 Ne7 11. d4 Ng6 12. dxe5 Nxe5 13. Nxe5 Qxe5 14. f4 Qc5+ 15. Kh1 O-O 16. f5 Be5 17. Qf3 a5 18. a4 b5 19. Be3 Qd6 20.
Rad1 Qb8 21. Qh5 bxa4 22. Bc4 Ba6 23. Bxa6 Rxa6 24. f6 Bxf6 25. Rxf6 gxf6 26. Bh6 Kh8 27. Bxf8 Qxf8 28. Rxd7 Kg7 29.
Qg4+ Kh8 30. Qf5 Kg7 31. e5 Kg8 32. Qxf6 Ra8 33. e6 fxe6 34. Qxe6+ Kh8 35. Rf7 1-0

[Event "The Kvibergspelen 2024"]
[Site "Kviberg Park Hotel & Conference, Krutvagen 2, Gothenburg, Sweden"]
[Date "2024.09.07"]
[Round "5.12"]
[White "Ostlund, Joar"]
[Black "Dingertz, Gustav"]
[Result "1-0"]
[TimeControl "15 minutes + 5 seconds per move from move one (Round 1 - 4) / 90 minutes + 30 seconds per move from move one (Round 5 - 8)"]
[WhiteTitle "FM"]
[WhiteFideId "1735020"]
[BlackFideId "1767917"]
[WhiteElo "2335"]
[BlackElo "1938"]

1. d4 Nf6 2. c4 e6 3. Nf3 d5 4. Nc3 dxc4 5. e4 Bb4 6. Bg5 c5 7. Bxc4 cxd4 8. Nxd4 Bxc3+ 9. bxc3 Qa5 10.
Bxf6 Qxc3+ 11. Kf1 gxf6 12. Rc1 Qa5 13. h4 Bd7 14. Rh3 Nc6 15. Nb5 Ne5 16. Nd6+ Ke7 17. Nxb7 Qc7 18. Qb3 f5 19.
Qa3+ Kf6 20. Nd6 Qb6 21. exf5 exf5 22. Re3 Qd4 23. Nxf7 Rhe8 24. Nxe5 Rxe5 25. Rxe5 Qxe5 26. Re1 Qd4 27.
Qe7+ 1-0

[Event "The Kvibergspelen 2024"]
[Site "Kviberg Park Hotel & Conference, Krutvagen 2, Gothenburg, Sweden"]
[Date "2024.09.07"]
[Round "5.13"]
[White "Wallgren, Ulf"]
[Black "Frank, Anton"]
[Result "0-1"]
[TimeControl "15 minutes + 5 seconds per move from move one (Round 1 - 4) / 90 minutes + 30 seconds per move from move one (Round 5 - 8)"]
[WhiteFideId "1706527"]
[BlackFideId "1752383"]
[WhiteElo "1937"]
[BlackElo "2142"]

1. e4 e5 2. d4 exd4 3. Qxd4 Nc6 4. Qe3 Nf6 5. Nc3 Bb4 6. Bd2 O-O 7. O-O-O Re8 8. Qg3 Nxe4 9. Nxe4 Rxe4 10.
c3 Be7 11. f4 d5 12. Bd3 Bf5 13. Nf3 Qc8 14. Nh4 Bxh4 15. Qxh4 Ra4 16. Bb1 Bxb1 17. Kxb1 Qf5+ 18. Ka1 Na5 19.
a3 Qc2 20. Ka2 Rxa3+ 21. Kxa3 Qb3# 0-1

[Event "The Kvibergspelen 2024"]
[Site "Kviberg Park Hotel & Conference, Krutvagen 2, Gothenburg, Sweden"]
[Date "2024.09.07"]
[Round "5.14"]
[White "Lehtonen, Ture"]
[Black "Stedman, Theodor"]
[Result "1-0"]
[TimeControl "15 minutes + 5 seconds per move from move one (Round 1 - 4) / 90 minutes + 30 seconds per move from move one (Round 5 - 8)"]
[WhiteFideId "1712446"]
[BlackFideId "1756230"]
[WhiteElo "2099"]
[BlackElo "1932"]

1. c4 c5 2. Nc3 Nc6 3. g3 g6 4. Bg2 Bg7 5. h4 d6 6. d3 e5 7. Nf3 h6 8. Bd2 Nge7 9. Qc1 a6 10.
O-O Rb8 11. Ne1 b5 12. b3 Nd4 13. e3 b4 14. exd4 bxc3 15. Bxc3 exd4 16. Bd2 Bb7 17. Nf3 Qd7 18. Re1 Qf5 19.
Bf4 Kd7 20. Qa3 Nc6 21. Nd2 g5 22. Kh2 Qg6 23. Bxd6 Kxd6 24. Ne4+ Kc7 25. Nxc5 gxh4 26. Nxb7 Rxb7 27. Re7+ Kb8 28.
Rxb7+ Kxb7 29. Qe7+ Kc8 30. Qxh4 Re8 31. Bxc6 Qxc6 32. Qg4+ Kb7 33. Qxg7 Qd7 34. Qxh6 Qc8 35. Kg1 Rh8 36.
Qf6 Qh3 37. Qf3+ Kb8 38. Qg2 Qf5 39. Qe4 Qh3 40. Re1 f5 41. Qg2 Qg4 42. Qc6 Qh5 43. Qb6+ Kc8 44. Qxa6+ Kc7 45. Re7+ Kd8 46.
Qd6+ 1-0

[Event "The Kvibergspelen 2024"]
[Site "Kviberg Park Hotel & Conference, Krutvagen 2, Gothenburg, Sweden"]
[Date "2024.09.07"]
[Round "5.15"]
[White "Harila, Per"]
[Black "Andersson, Robert"]
[Result "0-1"]
[TimeControl "15 minutes + 5 seconds per move from move one (Round 1 - 4) / 90 minutes + 30 seconds per move from move one (Round 5 - 8)"]
[WhiteFideId "1707248"]
[BlackFideId "1703226"]
[WhiteElo "1922"]
[BlackElo "2098"]

1. c4 Nf6 2. g3 c5 3. Bg2 Nc6 4. Nc3 g6 5. d3 Bg7 6. e4 d6 7. Nge2 O-O 8. O-O Rb8 9. a4 a6 10.
h3 Ne8 11. f4 Nc7 12. g4 b5 13. axb5 axb5 14. cxb5 Nxb5 15. Nxb5 Rxb5 16. Nc3 Ra5 17. Be3 Nd4 18. Bf2 Rxa1 19.
Qxa1 Bb7 20. Qa7 Qb8 21. Ra1 Qxa7 22. Rxa7 Rb8 23. Kf1 Nc6 24. Ra1 Nb4 25. Bh4 Bf8 26. e5 Bxg2+ 27. Kxg2 dxe5 28.
fxe5 Nxd3 29. Nd5 Nxe5 30. Nxe7+ Kg7 31. Nd5 Rxb2+ 32. Kf1 Bd6 33. Ra6 Bb8 34. Bf6+ Kh6 35. h4 Rb1+ 36. Ke2 Nxg4 37.
Bg5+ Kg7 38. Be7 c4 39. Rc6 Rb2+ 40. Kd1 Rb5 41. Nc3 Rb3 42. Ne4 Re3 43. Rxc4 Rxe4 0-1

[Event "The Kvibergspelen 2024"]
[Site "Kviberg Park Hotel & Conference, Krutvagen 2, Gothenburg, Sweden"]
[Date "2024.09.07"]
[Round "5.16"]
[White "Kashwan, Hassan"]
[Black "Schriever-Abeln, Marius"]
[Result "1-0"]
[TimeControl "15 minutes + 5 seconds per move from move one (Round 1 - 4) / 90 minutes + 30 seconds per move from move one (Round 5 - 8)"]
[WhiteFideId "137122555"]
[BlackFideId "1752650"]
[WhiteElo "1936"]
[BlackElo "2069"]

1. d4 Nf6 2. c4 e6 3. Nf3 d5 4. g3 Bb4+ 5. Nbd2 dxc4 6. Qa4+ Nc6 7. e3 Bd7 8. Qc2 b5 9. Bg2 O-O 10.
O-O Nd5 11. Ne4 Qe7 12. a3 Bd6 13. Nfg5 f5 14. Nxd6 cxd6 15. h4 h6 16. Nh3 Na5 17. Bd2 Nb3 18. Rad1 Rac8 19. Bxd5 exd5 20.
Nf4 Nxd2 21. Rxd2 Qf7 22. h5 a5 23. Rc1 Bc6 24. Qd1 b4 25. Qf3 bxa3 26. bxa3 Rb8 27. Ng6 Rfc8 28. Qf4 Qe6 29.
Qxf5 Qxf5 30. Ne7+ Kf7 31. Nxf5 Ke6 32. g4 Ba4 33. e4 dxe4 34. d5+ Ke5 35. Re2 Rb3 36. Rce1 c3 37. Rxe4+ Kf6 38.
Nxd6 Rcb8 39. f4 Bd7 40. Re6+ 1-0

[Event "The Kvibergspelen 2024"]
[Site "Kviberg Park Hotel & Conference, Krutvagen 2, Gothenburg, Sweden"]
[Date "2024.09.07"]
[Round "5.17"]
[White "Olsson, Thomas"]
[Black "Krilovs, Nikolajs"]
[Result "0-1"]
[TimeControl "15 minutes + 5 seconds per move from move one (Round 1 - 4) / 90 minutes + 30 seconds per move from move one (Round 5 - 8)"]
[WhiteFideId "1702696"]
[BlackFideId "11603100"]
[WhiteElo "1902"]
[BlackElo "2054"]

1. e4 g6 2. d4 Bg7 3. c4 c5 4. d5 d6 5. Nc3 Nf6 6. f4 O-O 7. Nf3 e6 8. Be2 exd5 9. exd5 Bf5 10.
O-O Re8 11. Kh1 Na6 12. Bd3 Bxd3 13. Qxd3 Ng4 14. a3 Bd4 15. Nxd4 cxd4 16. Nd1 Qh4 17. h3 Nc5 18. Qf3 Re1 19. Bd2 Qg3 20. hxg4 Qxf3 21. gxf3 Rxf1+ 22. Kg2 Nb3 23. Kxf1 Nxa1 24. Bb4 Rd8 25. Ke2 Nb3 26. Kd3 a5 27. Be1 h5 28. Bh4 Re8 29. Bg3 f5 30. Bh4 hxg4 31.
fxg4 fxg4 32. Kc2 a4 33. Nf2 Re2+ 34. Kd1 Rxb2 35. Nxg4 d3 36. Nf6+ Kf7 37. Ne4 Rb1# 0-1

[Event "The Kvibergspelen 2024"]
[Site "Kviberg Park Hotel & Conference, Krutvagen 2, Gothenburg, Sweden"]
[Date "2024.09.07"]
[Round "5.18"]
[White "Al Waeli, Laith"]
[Black "Sandberg, Lucas"]
[Result "1/2-1/2"]
[TimeControl "15 minutes + 5 seconds per move from move one (Round 1 - 4) / 90 minutes + 30 seconds per move from move one (Round 5 - 8)"]
[WhiteTitle "FM"]
[WhiteFideId "4801059"]
[BlackFideId "1773712"]
[WhiteElo "2049"]
[BlackElo "1887"]

1. e4 c5 2. Nf3 d6 3. d4 cxd4 4. Nxd4 Nf6 5. Nc3 g6 6. Be3 Bg7 7. f3 O-O 8. Qd2 Nc6 9. O-O-O d5 10.
Kb1 Nxd4 11. e5 Nf5 12. exf6 exf6 13. Bc5 d4 14. Bxf8 Qxf8 15. Nb5 Be6 16. Bd3 Ne3 17. Rde1 f5 18.
Nxd4 Bxd4 19. Rxe3 Bxe3 20. Qxe3 a5 21. a3 Qd6 22. Re1 Qxh2 23. Qb6 Qh4 24. Rd1 Qe7 25. Bb5 Kg7 26. f4 h5 27.
g3 Kh7 28. Rd6 Rc8 29. Qd4 Qc7 30. c4 Qc5 31. Qxc5 Rxc5 32. b4 axb4 33. axb4 Rc7 34. c5 Kg7 35. Kb2 Kf6 36.
Kc3 Ke7 37. Kd4 Rc8 38. Bc4 Bxc4 39. Kxc4 Rc6 40. Rd3 Re6 41. Kb5 f6 42. Ka5 Rc6 43. b5 Rxc5 44. Kb6 Rc4 45. Kxb7 g5 46.
Rf3 Ke6 47. b6 gxf4 48. gxf4 Kd5 49. Rh3 Ke4 50. Rxh5 Rc1 51. Rh6 Kxf4 52. Rxf6 Ke4 53. Rc6 Rb1 54. Rc4+ Ke3 55. Rc5 f4 56.
Kc6 f3 57. Rc3+ 1/2-1/2

[Event "The Kvibergspelen 2024"]
[Site "Kviberg Park Hotel & Conference, Krutvagen 2, Gothenburg, Sweden"]
[Date "2024.09.07"]
[Round "5.20"]
[White "Nilsson, Patrik"]
[Black "Bodin, Bjorn"]
[Result "1-0"]
[TimeControl "15 minutes + 5 seconds per move from move one (Round 1 - 4) / 90 minutes + 30 seconds per move from move one (Round 5 - 8)"]
[WhiteFideId "1708171"]
[BlackFideId "1773747"]
[WhiteElo "2124"]
[BlackElo "1704"]

1. d4 Nf6 2. Nf3 d5 3. e3 c5 4. b3 Nc6 5. Bd3 Bg4 6. Bb2 e6 7. O-O Bd6 8. c4 cxd4 9. exd4 O-O 10.
Nbd2 Rc8 11. a3 a5 12. Qb1 Nd7 13. cxd5 exd5 14. Bxh7+ Kh8 15. Bf5 Bxf5 16. Qxf5 Ne7 17. Qh3+ Kg8 18. Ne5 Nf6 19. Rac1 Qb6 20.
Rfe1 Nc6 21. g4 Nh7 22. Nd7 Qd8 23. Nxf8 Qxf8 24. Nf3 Bxa3 25. Bxa3 Qxa3 26. g5 Rf8 27. Qf5 1-0

[Event "The Kvibergspelen 2024"]
[Site "Kviberg Park Hotel & Conference, Krutvagen 2, Gothenburg, Sweden"]
[Date "2024.09.07"]
[Round "5.21"]
[White "Westlund, Tim"]
[Black "Sigeman, Johan"]
[Result "0-1"]
[TimeControl "15 minutes + 5 seconds per move from move one (Round 1 - 4) / 90 minutes + 30 seconds per move from move one (Round 5 - 8)"]
[WhiteFideId "1754718"]
[BlackFideId "1705601"]
[WhiteElo "1882"]
[BlackElo "2032"]

1. e4 e5 2. Nf3 Nc6 3. Bc4 Nf6 4. d3 h6 5. O-O d6 6. c3 g5 7. b4 Bg7 8. Nbd2 O-O 9. Nb3 d5 10.
exd5 Nxd5 11. Bd2 Bg4 12. Nc5 Rb8 13. Ne4 Nb6 14. Bb3 Qxd3 15. Bc2 Qd5 16. h4 gxh4 17. Bxh6 Qxd1 18. Bxd1 Bxf3 19.
Bxg7 Bxe4 20. Bxf8 Kxf8 21. Re1 Bd3 22. Bf3 Nc4 23. Rad1 Bf5 24. Be4 Be6 25. Bd5 Nb2 26. Rd2 Rd8 27.
Rxb2 Rxd5 28. Rbe2 b5 29. a3 h3 30. gxh3 Bxh3 31. Re3 Bf5 32. f3 Rd2 33. R1e2 Rxe2 34. Rxe2 Ke7 35. Kf2 Bd3 36.
Re3 Bg6 37. Re2 Ke6 38. Rd2 e4 39. fxe4 Bxe4 40. Ke3 f5 41. Rh2 Kd5 42. Rh8 Kc4 43.
Kd2 Kb3 44. Rc8 Kxa3 45.
Rxc7 Kb3 46. Rf7 Ne5 47. Rxa7 Nc4+ 48. Kc1 Kxc3 49. Ra2 Kxb4 50. Rh2 Kc3 51. Rf2 Kd4 52. Rc2
b4 53. Rf2 b3 54. Rh2 b2+ 0-1